 Dungeon Crawl Stone Soup version 0.13-a0-2244-g236abbe (webtiles) character file.

4094 JacquesDerrida the Impaler (level 10, -3/68 HPs)
             Began as a Merfolk Skald on July 5, 2013.
             Was a Follower of Okawaru.
             Slain by Erolcha
             ... wielding a +0,+0 giant club
              (32 damage)
             ... on Level 8 of the Dungeon.
             The game lasted 00:30:48 (9621 turns).

JacquesDerrida the Impaler (Merfolk Skald)          Turns: 9621, Time: 00:30:48

HP  -3/68        AC  7     Str  9 (12) XL: 10   Next: 12%
MP  18/18        EV 13     Int 15      God: Okawaru [*.....]
Gold 440         SH  0     Dex 14      Spells:  3 memorised,  9 levels left

Res.Fire  : . . .   See Invis. : .   F - +3 spear (venom)
Res.Cold  : . . .   Warding    : .   b - +0 leather armour
Life Prot.: + . .   Conserve   : .   (no shield)
Res.Poison: .       Res.Corr.  : .   (no helmet)
Res.Elec. : .       Clarity    : .   x - +0 elf cloak
Sust.Abil.: . .     Spirit.Shd : .   s - +1 pair of gauntlets
Res.Mut.  : .       Stasis     : .   E - +0 pair of boots (curse)
Res.Rott. : .       Flight     : .   (no amulet)
Saprovore : . . .                    (no ring)
                                     l - cursed ring of life protection

@: somewhat resistant to hostile enchantments, unstealthy
A: change form in water, swift swim
a: Heroism, Renounce Religion


You were on level 8 of the Dungeon.
You worshipped Okawaru.
Okawaru was pleased with you.
You were very hungry.

You visited 2 branches of the dungeon, and saw 9 of its levels.

You collected 514 gold pieces.
You spent 94 gold pieces at shops.

Inventory:

Hand weapons
 a - a +0,-2 spear {=f}
 t - the +0,+9 quarterstaff of Vupiexe {holy, rElec rC+ Stlth++}
   (You found it on level 5 of the Dungeon)

   It has been blessed by the Shining One to cause great damage to the undead
   and demons.
   It protects you from cold.
   It insulates you from electricity.
   It makes you much more stealthy.
 y - a +4,+1 scythe of dragon slaying
 C - a +0,+0 halberd
 D - a +2,+6 whip
 F - a +3,+3 spear of venom (weapon)
 L - a +0,+1 orcish trident
 O - a +0,+2 orcish whip of venom
Missiles
 k - 2 throwing nets (quivered)
 m - 13 poisoned needles
Armour
 b - a +0 leather armour (worn)
 p - the cursed -3 pair of boots of the Armadillo {SInv}
   (You found it on level 5 of the Dungeon)

   It enhances your eyesight.
   It has a curse placed upon it.
 s - a +1 pair of gauntlets (worn)
 x - a +0 elven cloak (worn)
 E - a cursed +0 pair of boots (worn)
Magical devices
 h - a wand of slowing (14)
 B - a wand of enslavement (7)
 G - a wand of magic darts (15)
 H - a wand of enslavement (7)
 Q - a wand of fireball (5) {unknown}
Comestibles
 d - 7 bread rations
 j - 4 apples
 n - a choko
 o - a meat ration
 A - 2 pears
Scrolls
 f - a scroll of identify
 i - 4 scrolls of remove curse
 M - a scroll of teleportation
Jewellery
 l - a cursed ring of life protection (left hand)
Potions
 e - a potion of speed
 g - a potion of heal wounds
 q - a potion of curing
 r - a potion of might
 v - 2 potions of magic
 z - a potion of poison
 J - a potion of invisibility
Books
 c - a book of Battle

   Spells                             Type                      Level
   *Infusion                          Charms                       1
   *Shroud of Golubria                Charms/Translocation         2
   Song of Slaying                    Charms                       2
   *Spectral Weapon                   Hexes/Charms                 3
   Regeneration                       Charms/Necromancy            3
   Song of Shielding                  Charms                       5


   Skills:
 - Level 2.1 Fighting
 - Level 16.5 Polearms
 - Level 0.6 Armour
 + Level 5.1 Dodging
 - Level 3.0 Spellcasting
 + Level 3.5 Charms


You had 9 spell levels left.
You knew the following spells:

 Your Spells              Type           Power        Failure   Level  Hunger
a - Infusion              Chrm           ##....       6%          1    #......
b - Shroud of Golubria    Chrm/Tloc      #.........   14%         2    ##.....
c - Spectral Weapon       Hex/Chrm       #.......     30%         3    ###....


Dungeon Overview and Level Annotations

Branches:
Dungeon (8/27)             Temple (1/1) D:5
    Orc: D:6-11        Lair: D:8-13

Altars:
Ashenzari
Elyvilon
Fedhas
Kikubaaqudgha
Makhleb
Nemelex Xobeh
Okawaru
Sif Muna
Trog
Vehumet
Xom
Yredelemnul
Zin
the Shining One

Shops:
D:6: !(=

Annotations
D:8 Erolcha


Message History

The giant gecko is heavily wounded.
Something tries to affect you, but you resist.
You hit the giant gecko.
You kill the giant gecko!
Okawaru accepts your kill.
You see here a quokka corpse.
You see here a giant gecko corpse.
You start butchering the giant gecko corpse with your knife.
You continue butchering the corpse.
It hits you!
You stop butchering the corpse.
Eat which item? (? for menu, Esc to quit)
Okay, then.
It barely misses you.
You see here a quokka corpse.
You hit it but do no damage. You hit it. You closely miss it. It hits you!
You hit it. You hit it. It hits you!
You die...

... . .....##.... ......#......
............... ..........#....
.. #.............
...#............#
.................#.
........@%%........ . .
.......(....#...... ....
.........###..... .....
.........##.............
.........##........#.... ...
........................
.........#.......................
........ ........................
.)...... ..............#........


There were no monsters in sight!

Vanquished Creatures
  Grinder (D:6)
  A wyvern (D:8)
  Eustachio (D:6)
  A manticore (D:8)
  Edmund (D:5)
  A necrophage (D:6)
  An ice beast (D:6)
  A wyvern skeleton (D:7)
  A sky beast (D:8)
  A black bear (D:7)
  2 phantoms
  4 centaurs
  2 ogres
  Sigmund (D:6)
  3 giant frogs
  A black bear skeleton (D:6)
  An ogre zombie (D:6)
  A goliath beetle (D:6)
  7 crimson imps
  A gnoll shaman (D:6)
  A hound zombie (D:7)
  5 orc priests
  5 hounds
  6 orc wizards
  A scorpion (D:4)
  6 worker ants
  An iguana (D:8)
  Terence (D:3)
  5 adders
  20 gnolls
  An iguana skeleton (D:4)
  3 worms
  2 giant eyeballs
  An ooze (D:3)
  25 orcs
  12 goblins
  17 hobgoblins
  11 bats
  7 giant cockroaches
  2 giant geckos
  5 giant newts
  16 kobolds
  An orc skeleton (D:4)
  6 quokkas
  13 rats
206 creatures vanquished.

Notes
Turn   | Place    | Note
--------------------------------------------------------------
     0 | D:1      | JacquesDerrida, the Merfolk Skald, began the quest for the Orb.
     0 | D:1      | Reached XP level 1. HP: 16/16 MP: 2/2
   375 | D:1      | Reached skill level 4 in Polearms
   375 | D:1      | Reached XP level 2. HP: 19/22 MP: 4/4
  1068 | D:2      | Reached XP level 3. HP: 23/27 MP: 5/5
  1070 | D:2      | Reached skill level 5 in Polearms
  1864 | D:2      | Reached skill level 6 in Polearms
  1951 | D:2      | Reached XP level 4. HP: 27/34 MP: 1/7
  2498 | D:3      | Noticed Terence
  2520 | D:3      | Killed Terence
  2832 | D:3      | Reached skill level 7 in Polearms
  2937 | D:3      | Reached XP level 5. HP: 24/39 MP: 2/8
  3099 | D:3      | Found a burning altar of Makhleb.
  3099 | D:3      | Found a glowing silver altar of Zin.
  3100 | D:3      | Noticed a blizzard demon
  3100 | D:3      | Noticed an angel
  3207 | D:4      | Reached skill level 8 in Polearms
  3401 | D:4      | Paralysed by a giant eyeball for 2 turns
  3620 | D:4      | Reached XP level 6. HP: 35/45 MP: 3/10
  3821 | D:3      | Learned a level 2 spell: Shroud of Golubria
  3857 | D:4      | Reached skill level 9 in Polearms
  4917 | D:4      | Reached skill level 10 in Polearms
  4917 | D:4      | Reached XP level 7. HP: 37/50 MP: 7/13
  4988 | D:5      | Entered Level 5 of the Dungeon
  5051 | D:5      | Got a pair of pitted boots
  5052 | D:5      | Identified the cursed -3 pair of boots of the Armadillo {SInv} (You found it on level 5 of the Dungeon)
  5114 | D:5      | Noticed Edmund
  5170 | D:5      | Killed Edmund
  5226 | D:5      | Noticed a steam dragon
  5490 | D:6      | Reached skill level 11 in Polearms
  5718 | D:6      | Reached XP level 8. HP: 54/57 MP: 9/15
  5777 | D:6      | Found Boal's Distillery.
  5781 | D:6      | Bought a potion of heal wounds for 36 gold pieces
  5781 | D:6      | Bought a potion of berserk rage for 36 gold pieces
  5788 | D:6      | Noticed Sigmund
  5807 | D:6      | Killed Sigmund
  5807 | D:6      | Reached skill level 12 in Polearms
  5863 | D:6      | Found Vaesulis' Antique Weapon Boutique.
  6071 | D:6      | Reached skill level 13 in Polearms
  6098 | D:6      | HP: 1/57 [gnoll/ spear (5)]
  6284 | D:6      | Found Wielitaw's Jewellery Boutique.
  6294 | D:6      | Bought a cursed ring of hunger for 22 gold pieces
  6321 | D:6      | Found a sparkling altar of Nemelex Xobeh.
  6467 | D:6      | Found a blossoming altar of Fedhas.
  6543 | D:6      | Noticed Eustachio
  6564 | D:6      | Killed Eustachio
  6564 | D:6      | Reached skill level 14 in Polearms
  6564 | D:6      | Reached XP level 9. HP: 25/62 MP: 8/16
  6770 | D:6      | Noticed Grinder
  7108 | D:5      | Found a staircase to the Ecumenical Temple.
  7316 | Temple   | Entered the Ecumenical Temple
  7385 | Temple   | Became a worshipper of Warmaster Okawaru
  7642 | D:5      | Got an encrusted quarterstaff
  7643 | D:5      | Identified the +0,+9 quarterstaff of Vupiexe {holy, rElec rC+ Stlth++} (You found it on level 5 of the Dungeon)
  7699 | D:6      | Killed Grinder
  7699 | D:6      | Reached skill level 15 in Polearms
  8347 | D:7      | Reached skill level 16 in Polearms
  8362 | D:7      | Found a bloodstained altar of Trog.
  8564 | D:7      | Acquired Okawaru's first power
  9039 | D:8      | Found a bloodstained altar of Trog.
  9169 | D:8      | Reached XP level 10. HP: 52/68 MP: 7/18
  9395 | D:8      | Learned a level 3 spell: Spectral Weapon
  9552 | D:8      | Reached skill level 5 in Dodging
  9569 | D:8      | Paralysed by a giant eyeball for 3 turns
  9601 | D:8      | Noticed Erolcha
  9621 | D:8      | Slain by Erolcha

Action                   |  1- 3 |  4- 6 |  7- 9 | 10-12 || total
-------------------------+-------+-------+-------+-------++-------
Melee: Spear             |   157 |   137 |   157 |    54 ||   505
       Halberd           |       |    96 |   327 |       ||   423
 Cast: Infusion          |     2 |    13 |    24 |     3 ||    42
       Shroud of Golubri |       |     1 |     4 |       ||     5
Evoke: Wand              |       |       |     4 |       ||     4
  Use: Scroll            |       |    11 |     8 |     7 ||    26
       Potion            |       |     1 |    12 |       ||    13
 Stab: Sleeping          |     1 |     1 |       |       ||     2
       Distracted        |       |       |     2 |       ||     2
